 Dungeon Crawl Stone Soup version 0.23.2-1-ga50397a (webtiles) character file.

Game seed: 17859334733034838410

100942 keltmir the Basher (level 16, 0/126 HPs)
             Began as a Gnoll Skald on May 18, 2019.
             Was the Champion of Okawaru.
             Slain by a two-headed ogre
             ... wielding a +0 giant club
              (6 damage)
             ... on level 2 of the Orcish Mines.
             The game lasted 02:26:10 (27759 turns).

keltmir the Basher (Gnoll Skald)                   Turns: 27759, Time: 02:26:12

Health: 0/126      AC: 24    Str: 29    XL:     16   Next: 29%
Magic:  17/31      EV: 17    Int: 16    God:    Okawaru [******]
Gold:   1013       SH: 15    Dex: 21    Spells: 23/38 levels left

rFire    . . .     SeeInvis +   I - +4 double sword (slice)
rCold    . . .     Gourm    .   R - +1 shield {reflect}
rNeg     . . .     Faith    .   s - +4 chain mail of Okawaru's Castigation {MR+ Str+2 Dex+5}
rPois    +         Spirit   .   g - +1 helmet
rElec    .         Reflect  +   H - +2 cloak {+Inv}
rCorr    .         Harm     .   T - +0 pair of gloves of the Marlin {Regen+ Str+3}
MR       +++..                  w - +0 pair of boots
Stlth    ++........             (no amulet)
HPRegen  1.71/turn              Q - +5 ring of strength
MPRegen  0.22/turn              j - ring of the Villain {rPois MR+ SInv}

@: singing (expiring), regenerating, studying Maces & Flails
A: distributed training, fangs 1, strong nose
a: Heroism, Finesse, Renounce Religion, Evoke Invisibility


You were on level 2 of the Orcish Mines.
You worshipped Okawaru.
Okawaru was exalted by your worship.
You were hungry.

You visited 3 branches of the dungeon, and saw 23 of its levels.

You collected 1707 gold pieces.
You spent 694 gold pieces at shops.

Inventory:

Hand Weapons
 I - a +4 double sword of slicing (weapon)
 O - the +8 whip of Demand {antimagic, rPois rC+++ rN+ Dex-5}
   (You found it on level 13 of the Dungeon)

   It reduces the magical energy of the wielder, and disrupts the spells and
   magical abilities of those hit.
   Natural abilities and divine invocations are not affected.
   It affects your dexterity (-5).
   It renders you almost immune to cold.
   It protects you from poison.
   It protects you from negative energy.
Missiles
 v - 17 javelins (quivered)
 x - 4 javelins of penetration
 M - 5 throwing nets
Armour
 g - a +1 helmet (worn)
 s - the +4 chain mail of Okawaru's Castigation (worn) {MR+ Str+2 Dex+5}
   (Okawaru gifted it to you on level 2 of the Lair of Beasts)

   It affects your strength (+2).
   It affects your dexterity (+5).
   It affects your resistance to hostile enchantments.
 w - a +0 pair of boots (worn)
 H - a +2 cloak of invisibility (worn)
 R - a +1 shield of reflection (worn)
 T - the +0 pair of gloves of the Marlin (worn) {Regen+ Str+3}
   (Okawaru gifted it to you on level 9 of the Dungeon)

   It affects your strength (+3).
   It increases your rate of regeneration.
Jewellery
 c - an uncursed ring of fire
 j - the ring of the Villain (right hand) {rPois MR+ SInv}
   (You bought it in a shop on level 8 of the Dungeon)

   [ring of protection from magic]

   It protects you from poison.
   It affects your resistance to hostile enchantments.
   It lets you see invisible.
 Q - a +5 ring of strength (left hand)
 X - an uncursed ring of positive energy
Wands
 q - a wand of iceblast (10)
 r - a wand of flame (3)
 K - a wand of acid (9)
 N - a wand of enslavement (8)
 U - a wand of digging (11)
Scrolls
 b - 2 scrolls of identify
 l - 3 scrolls of amnesia
 p - 5 scrolls of remove curse
 t - 3 scrolls of magic mapping
 y - a scroll of enchant weapon
 B - 5 scrolls of teleportation
 C - a scroll of vulnerability
 D - a scroll of silence
 F - a scroll of fear
 J - a scroll of immolation
 P - 4 scrolls of enchant armour
 S - a scroll of acquirement
 W - 2 scrolls of blinking
 Y - a scroll of brand weapon
Potions
 e - 2 potions of magic
 f - 3 potions of resistance
 h - 3 potions of mutation
 k - a potion of ambrosia
 m - 6 potions of brilliance
 n - 5 potions of flight
 o - 10 potions of curing
 z - a potion of cancellation
 A - 2 potions of lignification
 E - 2 potions of heal wounds
 L - a potion of haste
 V - 5 potions of agility
Books
 G - a manual of Maces & Flails
Miscellaneous
 u - a lamp of fire (inert)
Comestibles
 a - 11 chunks of flesh
 d - 39 rations


   Skills:
 + Level 11.4 Fighting
 + Level 10.5 Short Blades
 + Level 10.5 Long Blades
 + Level 10.5 Axes
 + Level 13.8 Maces & Flails
 + Level 11.4 Polearms
 + Level 10.5 Staves
 + Level 10.5 Slings
 + Level 10.5 Bows
 + Level 10.5 Crossbows
 + Level 10.5 Throwing
 + Level 10.8 Armour
 + Level 11.4 Dodging
 + Level 10.5 Stealth
 + Level 10.5 Shields
 + Level 10.5 Unarmed Combat
 + Level 11.5 Spellcasting
 + Level 8.9 Conjurations
 + Level 8.9 Hexes
 + Level 10.4 Charms
 + Level 8.9 Summonings
 + Level 8.9 Necromancy
 + Level 8.9 Translocations
 + Level 8.9 Transmutations
 + Level 8.9 Fire Magic
 + Level 8.9 Ice Magic
 + Level 8.9 Air Magic
 + Level 8.9 Earth Magic
 + Level 8.9 Poison Magic
 + Level 11.4 Invocations
 + Level 10.5 Evocations


You had 23 spell levels left.
You knew the following spells:

 Your Spells              Type           Power        Failure   Level  Hunger
a - Infusion              Chrm           ####         1%          1    None
b - Spectral Weapon       Hex/Chrm       #####...     3%          3    None
c - Regeneration          Chrm/Necr      #####.....   3%          3    None
d - Song of Slaying       Chrm           #####...     1%          2    None
e - Swiftness             Chrm/Air       #####...     1%          2    None
f - Summon Lightning Spi  Summ/Air       #####...     14%         4    ###....

Your spell library contained the following spells:

 Spells                   Type           Power        Failure   Level  Hunger
 Animate Skeleton         Necr           N/A          1%          1    None
 Freeze                   Ice            ####         1%          1    None
 Pain                     Necr           ####         1%          1    None
 Shock                    Conj/Air       ####         1%          1    None
 Summon Small Mammal      Summ           ####         1%          1    None
 Call Imp                 Summ           #####...     1%          2    None
 Shroud of Golubria       Chrm/Tloc      #####.....   1%          2    None
 Throw Frost              Conj/Ice       #####.       1%          2    None
 Ozocubu's Armour         Chrm/Ice       #####...     3%          3    None
 Call Canine Familiar     Summ           #####...     4%          3    None
 Static Discharge         Conj/Air       #####...     4%          3    None
 Summon Guardian Golem    Hex/Summ       #####...     4%          3    None
 Vampiric Draining        Necr           #####.....   4%          3    None
 Airstrike                Air            #####.....   14%         4    ###....
 Animate Dead             Necr           N/A          14%         4    ###....
 Summon Ice Beast         Ice/Summ       #####...     14%         4    ###....
 Throw Icicle             Conj/Ice       #####...     14%         4    ###....
 Lightning Bolt           Conj/Air       #####.....   36%         5    #####..


Dungeon Overview and Level Annotations

Branches:
Dungeon (15/15)            Temple (0/1) D:6            Lair (6/6) D:8
  Swamp (0/4) Lair:3       Spider (0/4) Lair:4        Slime (0/5) Lair:6
    Orc (2/2) D:10            Elf (0/3) Orc:2        Vaults (0/5) D:14
 Depths (0/5) D:15

Altars:
Ashenzari
Cheibriados
Dithmenos
Elyvilon
Fedhas
Gozag
Hepliaklqana
Nemelex Xobeh
Okawaru
Sif Muna
Trog
Uskayaw
Wu Jian
Xom
Zin
The Shining One

Shops:
D:8 =   D:9 [(   D:13 [   Orc:1 }

Annotations:
D:12 3 runed translucent doors


Innate Abilities, Weirdness & Mutations

Your experience applies equally to all skills.
You have very sharp teeth.
Your uncanny sense of smell can sniff out nearby items.


Message History

The two-headed ogre misses your spectral weapon.
You barely miss the two-headed ogre. You bite the two-headed ogre.
The two-headed ogre is almost dead.
Your spectral weapon hits the two-headed ogre!!
You kill the two-headed ogre!
Okawaru accepts your kill.
You block the two-headed ogre's attack. x2; The ogre mage barely misses you.
You closely miss the deep troll.
Your spectral weapon hits the deep troll!
The two-headed ogre hits you but does no damage. x2
You block the deep troll's attack. x2; The deep troll misses you.
The ogre mage gestures at you while chanting.
The bolt of fire hits your spectral weapon!!
Your spectral weapon resists.
Your spectral weapon shares its damage with you!
Your spectral weapon fades away.
The bolt of fire hits you!!!
* * * LOW HITPOINT WARNING * * *
x2 The two-headed ogre hits you with a +0 giant club.
You die...

.............
....#.#.....
#####..........##
##.#.............##
#............#..#.##
##.................#
##........[......#.###
#.......#))#..........
##.##...[@)...........
#...#[OTO..........
#...#.###.............
... ###.##..(.........
..####................
.##...................
#.....#..............
##..##...............
##.#................


You could see a two-headed ogre, an ogre mage and a deep troll.

Vanquished Creatures
  Jorgrun (D:14)
  Gastronok (Lair:2)
  Louise (D:14)
  An orc warlord (Orc:1)
  A caustic shrike skeleton (D:15)
  Azrael (D:15)
  A minotaur (Lair:2)
  An ettin (Orc:1)
  A fire dragon (Lair:6)
  Harold (D:10)
  The ghost of teukkam the Protected, a journeyman MiFi of Nemelex Xobeh (Lair:2)
  Fannar (D:11)
  2 catoblepae
  10 hydras
  A death knight (D:15)
  2 death yaks (Lair:5)
  4 centaur warriors
  2 ogre magi
  11 two-headed ogres
  Urug (Lair:2)
  Sonja (D:12)
  Nergalle (Orc:1)
  8 skeletal warriors
  A fire crab (Lair:6)
  3 unseen horrors
  A deep troll (Orc:1)
  A phantasmal warrior (D:14)
  A shadow dragon zombie (D:15)
  2 orc knights
  The ghost of xveg the Cleaver, a novice DrBe of Trog (D:6)
  A deep elf archer (D:14)
  14 ugly things
  A necromancer (D:14)
  An orb spider (Lair:4)
  3 deep elf magi
  3 harpies (D:15)
  An orc sorcerer (D:10)
  2 manticores
  A cyclops (D:11)
  3 molten gargoyles (Lair:6)
  A torpor snail (Lair:5)
  7 black mambas
  A gargoyle (D:12)
  9 spiny frogs
  3 rime drakes
  A kobold demonologist (D:12)
  7 komodo dragons
  A freezing wraith (D:14)
  3 tengu conjurers
  15 trolls
  A polar bear (shapeshifter) (D:13)
  6 meliai
  7 slime creatures
  8 hippogriffs
  14 blink frogs
  A dream sheep (Lair:6)
  A vampire (D:15)
  2 wraiths (D:15)
  Eustachio (D:6)
  An ettin skeleton (D:15)
  5 wyverns
  A fire elemental (D:15)
  35 yaks
  3 steam dragons (Lair:6)
  9 basilisks
  3 hungry ghosts
  A swamp worm (Lair:3)
  5 wargs
  10 water moccasins
  8 porcupines
  10 hell hounds
  4 ice beasts
  A black bear (D:12)
  12 orc warriors
  4 sky beasts
  2 necrophages
  21 ogres
  A phantom (D:14)
  8 wolves
  20 centaurs
  An eye of draining (D:13)
  13 crocodiles
  A big kobold (D:7)
  Blork the orc (D:5)
  16 bullfrogs
  A yaktaur zombie (D:15)
  A wyvern zombie (D:10)
  3 scorpions
  15 killer bees
  12 wights
  2 electric eels
  9 crimson imps
  4 howler monkeys
  3 lava snakes (Lair:6)
  2 bullfrog zombies
  A quasit (D:12)
  16 jellies
  3 bullfrog skeletons
  6 centaur skeletons
  4 orc priests
  13 hounds
  16 orc wizards
  7 iguanas
  11 worker ants
  A mummy (D:5)
  A hound skeleton (D:10)
  2 worker ant zombies
  15 adders
  4 shadow imps
  3 oozes
  2 adder skeletons
  3 adder zombies
  6 worms
  A dart slug (D:1)
  4 leopard geckos
  51 orcs
  4 giant cockroaches
  10 goblins
  5 hobgoblins
  4 jackals
  8 kobolds
  5 quokkas
  3 ball pythons
  8 bats
  5 frilled lizards
  A jackal skeleton (D:5)
  3 kobold zombies (D:5)
  An orc zombie (D:5)
  A quokka skeleton (D:8)
  A quokka zombie (D:7)
  11 rats
  A withered plant (D:15)
673 creatures vanquished.

Vanquished Creatures (others)
  A cyclops (Orc:2)
  A troll (D:10)
  A basilisk (Lair:6)
  A crocodile (Lair:3)
  A bullfrog (D:10)
  A killer bee (D:10)
  2 iguanas (D:10)
  An orc (Orc:1)
  7 fungi
  4 plants
  29 spectral weapons
  A withered plant (D:15)
50 creatures vanquished.

Grand Total: 723 creatures vanquished

Notes
Turn   | Place    | Note
-------+----------+-------------------------------------------
     0 | D:1      | keltmir the Gnoll Skald began the quest for the Orb.
     0 | D:1      | Reached XP level 1. HP: 20/20 MP: 6/6
   274 | D:1      | Reached XP level 2. HP: 26/26 MP: 4/7
   884 | D:2      | Reached XP level 3. HP: 27/31 MP: 1/9
   959 | D:2      | Learned a level 3 spell: Spectral Weapon
   970 | D:2      | Reached skill level 5 in Spellcasting
  1092 | D:2      | Reached skill level 1 in Invocations
  1178 | D:2      | Reached skill level 1 in Short Blades
  1178 | D:2      | Reached skill level 1 in Long Blades
  1178 | D:2      | Reached skill level 1 in Axes
  1178 | D:2      | Reached skill level 1 in Maces & Flails
  1178 | D:2      | Reached skill level 1 in Staves
  1178 | D:2      | Reached skill level 1 in Slings
  1178 | D:2      | Reached skill level 1 in Bows
  1178 | D:2      | Reached skill level 1 in Crossbows
  1178 | D:2      | Reached skill level 1 in Throwing
  1178 | D:2      | Reached skill level 1 in Stealth
  1178 | D:2      | Reached skill level 1 in Shields
  1178 | D:2      | Reached skill level 1 in Unarmed Combat
  1178 | D:2      | Reached skill level 1 in Evocations
  1189 | D:2      | Reached XP level 4. HP: 38/38 MP: 9/11
  1210 | D:2      | Learned a level 3 spell: Regeneration
  1256 | D:2      | Found an ornate altar of the Wu Jian Council.
  1526 | D:3      | Found a faded altar of an unknown god.
  1585 | D:3      | Reached skill level 1 in Conjurations
  1585 | D:3      | Reached skill level 1 in Hexes
  1585 | D:3      | Reached skill level 1 in Summonings
  1585 | D:3      | Reached skill level 1 in Necromancy
  1585 | D:3      | Reached skill level 1 in Translocations
  1585 | D:3      | Reached skill level 1 in Transmutations
  1585 | D:3      | Reached skill level 1 in Fire Magic
  1585 | D:3      | Reached skill level 1 in Ice Magic
  1585 | D:3      | Reached skill level 1 in Air Magic
  1585 | D:3      | Reached skill level 1 in Earth Magic
  1585 | D:3      | Reached skill level 1 in Poison Magic
  1916 | D:3      | Found a bloodstained altar of Trog.
  1931 | D:3      | Reached XP level 5. HP: 29/43 MP: 8/12
  2148 | D:3      | Found a bloodstained altar of Trog.
  2262 | D:4      | Found a shadowy altar of Dithmenos.
  2275 | D:4      | Noticed an ogre
  2452 | D:4      | Found a glowing golden altar of the Shining One.
  2514 | D:4      | Found a white marble altar of Elyvilon.
  2525 | D:4      | Noticed a centaur
  2537 | D:4      | Killed a centaur
  2537 | D:4      | Reached XP level 6. HP: 39/50 MP: 4/13
  2621 | D:4      | Found a shattered altar of Ashenzari.
  2730 | D:4      | Found a glowing silver altar of Zin.
  2932 | D:4      | Found an iron altar of Okawaru.
  2941 | D:4      | Became a worshipper of Warmaster Okawaru
  3025 | D:4      | Reached skill level 5 in Fighting
  3025 | D:4      | Reached skill level 5 in Polearms
  3025 | D:4      | Reached skill level 5 in Dodging
  3180 | D:5      | Entered Level 5 of the Dungeon
  3184 | D:5      | Noticed Blork the orc
  3194 | D:4      | Reached skill level 2 in Maces & Flails
  3206 | D:5      | Killed Blork the orc
  3369 | D:5      | Reached XP level 7. HP: 50/56 MP: 11/15
  3770 | D:5      | Reached * piety under Okawaru
  4273 | D:6      | Found a staircase to the Ecumenical Temple.
  4461 | D:6      | Found a runed translucent door.
  4464 | D:6      | Noticed xveg's ghost (novice DrBe)
  4535 | D:6      | Reached XP level 8. HP: 54/63 MP: 16/16
  4541 | D:6      | Noticed Eustachio
  4554 | D:6      | Killed Eustachio
  4554 | D:6      | Reached ** piety under Okawaru
  4554 | D:6      | Reached skill level 3 in Maces & Flails
  4893 | D:6      | Found a snail-covered altar of Cheibriados.
  5109 | D:6      | Found a shimmering altar of Xom.
  5261 | D:6      | Found a runed translucent door.
  5305 | D:6      | Reached *** piety under Okawaru
  5322 | D:6      | Reached XP level 9. HP: 39/69 MP: 12/18
  5684 | D:7      | Reached skill level 4 in Maces & Flails
  5990 | D:7      | Received a gift from Okawaru
  6292 | D:7      | Got a heavily jewelled robe
  6303 | D:7      | Identified the +1 robe "Ypluocet" {Str+4} (You found it on
                  | level 7 of the Dungeon)
  6484 | D:7      | Reached skill level 5 in Armour
  6572 | D:7      | Found a sparkling altar of Nemelex Xobeh.
  6576 | D:7      | Found a deep blue altar of Sif Muna.
  6581 | D:7      | Found a hazy altar of Hepliaklqana.
  7106 | D:8      | Found an opulent altar of Gozag.
  7340 | D:8      | Found Uneproask's Jewellery Emporium.
  7524 | D:8      | Reached skill level 5 in Maces & Flails
  7571 | D:8      | Found a staircase to the Lair.
  7572 | D:8      | Noticed a komodo dragon
  7602 | D:8      | Reached skill level 5 in Invocations
  7673 | D:7      | Killed a komodo dragon
  7673 | D:7      | Reached **** piety under Okawaru
  8079 | D:8      | Found a hide-covered altar of Uskayaw.
  8387 | D:8      | Bought the ring of the Villain {rPois MR+ SInv} for 484
                  | gold pieces
  8447 | D:9      | Reached XP level 10. HP: 59/77 MP: 20/20
  8670 | D:9      | Found Rudivobe's Weapon Boutique.
  8692 | D:9      | Reached skill level 5 in Short Blades
  8692 | D:9      | Reached skill level 5 in Long Blades
  8692 | D:9      | Reached skill level 5 in Axes
  8692 | D:9      | Reached skill level 5 in Staves
  8692 | D:9      | Reached skill level 5 in Slings
  8692 | D:9      | Reached skill level 5 in Bows
  8692 | D:9      | Reached skill level 5 in Crossbows
  8692 | D:9      | Reached skill level 5 in Throwing
  8692 | D:9      | Reached skill level 5 in Stealth
  8692 | D:9      | Reached skill level 5 in Shields
  8692 | D:9      | Reached skill level 5 in Unarmed Combat
  8692 | D:9      | Reached skill level 5 in Evocations
  8696 | D:9      | Received a gift from Okawaru
  8709 | D:9      | Reached skill level 6 in Maces & Flails
  9000 | D:9      | Found a blossoming altar of Fedhas.
  9061 | D:9      | Reached ***** piety under Okawaru
  9068 | D:9      | Received a gift from Okawaru
  9394 | D:9      | Found Suent's Antique Armour Shoppe.
  9662 | D:10     | Entered Level 10 of the Dungeon
  9673 | D:10     | Learned a level 2 spell: Song of Slaying
  9761 | D:10     | Found a shimmering altar of Xom.
  9823 | D:10     | Noticed a two-headed ogre
 10250 | D:7      | Reached skill level 7 in Maces & Flails
 10597 | D:10     | Found a staircase to the Orcish Mines.
 10631 | D:9      | Reached XP level 11. HP: 71/84 MP: 15/22
 10752 | D:9      | Received a gift from Okawaru
 10753 | D:9      | Got a pair of heavily runed gloves {god gift}
 10759 | D:9      | Identified the +0 pair of gloves of the Marlin {Regen+
                  | Str+3} (Okawaru gifted it to you on level 9 of the Dungeon)
 10858 | D:10     | Killed a two-headed ogre
 11066 | D:10     | Noticed Harold
 11222 | Lair:1   | Entered Level 1 of the Lair of Beasts
 11222 | Lair:1   | Noticed a four-headed hydra
 11230 | Lair:1   | Killed a four-headed hydra
 11230 | Lair:1   | Reached skill level 5 in Conjurations
 11230 | Lair:1   | Reached skill level 5 in Hexes
 11230 | Lair:1   | Reached skill level 5 in Summonings
 11230 | Lair:1   | Reached skill level 5 in Necromancy
 11230 | Lair:1   | Reached skill level 5 in Translocations
 11230 | Lair:1   | Reached skill level 5 in Transmutations
 11230 | Lair:1   | Reached skill level 5 in Fire Magic
 11230 | Lair:1   | Reached skill level 5 in Ice Magic
 11230 | Lair:1   | Reached skill level 5 in Air Magic
 11230 | Lair:1   | Reached skill level 5 in Earth Magic
 11230 | Lair:1   | Reached skill level 5 in Poison Magic
 11469 | Lair:1   | Reached skill level 8 in Maces & Flails
 11937 | Lair:2   | Found a runed translucent gate.
 11937 | Lair:2   | Found a runed translucent gate.
 11937 | Lair:2   | Found a runed translucent gate.
 11937 | Lair:2   | Noticed a minotaur
 11947 | Lair:2   | Noticed teukkam's ghost (journeyman MiFi)
 11953 | Lair:2   | Noticed Gastronok
 12100 | D:6      | Killed xveg's ghost
 12221 | D:10     | Killed Harold
 12676 | D:10     | Reached XP level 12. HP: 86/93 MP: 16/24
 13261 | D:11     | Received a gift from Okawaru
 13261 | D:11     | Reached skill level 9 in Maces & Flails
 13920 | D:12     | Noticed Sonja
 13920 | D:12     | Noticed Fannar
 13932 | D:11     | Killed Fannar
 14049 | Lair:2   | Killed Gastronok
 14049 | Lair:2   | Received a gift from Okawaru
 14052 | Lair:2   | Got a brightly glowing chain mail {god gift}
 14063 | Lair:2   | Identified the +4 chain mail of Okawaru's Castigation {MR+
                  | Str+2 Dex+5} (Okawaru gifted it to you on level 2 of the
                  | Lair of Beasts)
 14131 | Lair:2   | Noticed an eight-headed hydra
 14138 | Lair:2   | Killed an eight-headed hydra
 14139 | Lair:2   | Noticed a four-headed hydra
 14146 | Lair:2   | Killed a four-headed hydra
 14455 | Lair:2   | Noticed Urug
 14471 | Lair:2   | Killed Urug
 14529 | Lair:2   | Noticed a four-headed hydra
 14537 | Lair:2   | Killed a four-headed hydra
 14537 | Lair:2   | Reached skill level 10 in Maces & Flails
 15446 | Lair:2   | Killed a minotaur
 15446 | Lair:2   | Reached XP level 13. HP: 42/101 MP: 22/26
 15568 | Lair:2   | Killed teukkam's ghost
 16111 | Lair:3   | Received a gift from Okawaru
 16114 | Lair:3   | Reached ****** piety under Okawaru
 16348 | Lair:3   | Received a gift from Okawaru
 16687 | Lair:3   | Found a staircase to the Swamp.
 17413 | Lair:4   | Found a hole to the Spider Nest.
 18172 | Lair:5   | Reached skill level 11 in Maces & Flails
 18667 | Lair:5   | Received a gift from Okawaru
 19020 | Lair:6   | Entered Level 6 of the Lair of Beasts
 19075 | Lair:6   | Found a staircase to the Slime Pits.
 19122 | Lair:6   | Reached skill level 10 in Spellcasting
 19189 | Lair:6   | Identified a scroll of acquirement
 19236 | Lair:6   | Reached XP level 14. HP: 104/109 MP: 26/28
 20076 | Lair:6   | Reached skill level 10 in Fighting
 20076 | Lair:6   | Reached skill level 10 in Polearms
 20076 | Lair:6   | Reached skill level 10 in Dodging
 20323 | Lair:6   | Found a large runed translucent door.
 20324 | Lair:6   | Found a large runed translucent door.
 20885 | D:9      | Bought a glowing cloak for 210 gold pieces
 20964 | D:12     | Killed Sonja
 20966 | D:12     | Found a runed translucent door.
 21177 | D:12     | Received a gift from Okawaru
 21199 | D:12     | Learned a level 2 spell: Swiftness
 21406 | D:12     | Reached skill level 12 in Maces & Flails
 21575 | D:12     | Reached skill level 10 in Invocations
 21818 | D:12     | Received a gift from Okawaru
 21959 | D:12     | Found a runed translucent door.
 21989 | D:12     | Found a runed translucent door.
 22243 | D:13     | Found Ahuup's Armour Boutique.
 22380 | D:13     | You fall through a shaft for 2 floors!
 22380 | D:15     | Entered Level 15 of the Dungeon
 22475 | D:14     | Noticed Jorgrun
 22497 | D:14     | Killed Jorgrun
 22497 | D:14     | Received a gift from Okawaru
 22500 | D:14     | Got an encrusted buckler {god gift}
 22506 | D:14     | Identified the +1 buckler of Cowardice {rElec SInv}
                  | (Okawaru gifted it to you on level 14 of the Dungeon)
 22570 | D:13     | Got a scorched whip
 22571 | D:13     | Identified the +8 whip of Demand {antimagic, rPois rC+++
                  | rN+ Dex-5} (You found it on level 13 of the Dungeon)
 23047 | D:13     | You fall through a shaft!
 23092 | D:14     | Reached XP level 15. HP: 114/117 MP: 22/29
 23414 | D:14     | Reached skill level 10 in Armour
 23733 | D:14     | Found a gate to the Vaults.
 23927 | D:14     | Received a gift from Okawaru
 25107 | D:15     | Found a staircase to the Depths.
 25145 | D:14     | Reached skill level 13 in Maces & Flails
 25145 | D:14     | Reached skill level 10 in Charms
 25408 | D:15     | Reached skill level 10 in Short Blades
 25408 | D:15     | Reached skill level 10 in Long Blades
 25408 | D:15     | Reached skill level 10 in Axes
 25408 | D:15     | Reached skill level 10 in Staves
 25408 | D:15     | Reached skill level 10 in Slings
 25408 | D:15     | Reached skill level 10 in Bows
 25408 | D:15     | Reached skill level 10 in Crossbows
 25408 | D:15     | Reached skill level 10 in Throwing
 25408 | D:15     | Reached skill level 10 in Stealth
 25408 | D:15     | Reached skill level 10 in Shields
 25408 | D:15     | Reached skill level 10 in Unarmed Combat
 25408 | D:15     | Reached skill level 10 in Evocations
 25474 | D:15     | Noticed Azrael
 25710 | D:15     | Killed Azrael
 25717 | D:15     | Noticed Louise
 25900 | D:14     | Killed Louise
 26394 | D:15     | Received a gift from Okawaru
 26604 | D:15     | Received a gift from Okawaru
 26655 | D:15     | Got a polished ring mail {god gift}
 26666 | D:15     | Identified the +2 ring mail "Ryethiwn" {rN+ MP+9 Int-5
                  | Stlth+} (Okawaru gifted it to you on level 15 of the
                  | Dungeon)
 26810 | D:15     | Reached XP level 16. HP: 96/125 MP: 28/31
 27037 | Orc:1    | Entered Level 1 of the Orcish Mines
 27040 | Orc:1    | Noticed Nergalle
 27044 | Orc:1    | Found Xosoesso's Gadget Shoppe.
 27050 | Orc:1    | Killed Nergalle
 27543 | Orc:2    | Entered Level 2 of the Orcish Mines
 27625 | Orc:2    | Learned a level 4 spell: Summon Lightning Spire
 27683 | Orc:2    | Found a staircase to the Elven Halls.
 27759 | Orc:2    | HP: 6/126 [ogre mage/+0 halberd of protection (7)]
 27759 | Orc:2    | Slain by a two-headed ogre

Skill      XL: |  1  2  3  4  5  6  7  8  9 10 11 12 13 14 15 |
---------------+----------------------------------------------+-----
Spellcasting   | 5 6 7 8 9 10 11 | 11.5
Invocations    | 1 2 3 4 5 6 7 8 9 10 11 | 11.4
Short Blades   | 1 2 3 4 5 6 7 8 9 10 | 10.5
Long Blades    | 1 2 3 4 5 6 7 8 9 10 | 10.5
Axes           | 1 2 3 4 5 6 7 8 9 10 | 10.5
Maces & Flails | 1 2 3 5 7 8 10 11 12 13 | 13.8
Staves         | 1 2 3 4 5 6 7 8 9 10 | 10.5
Slings         | 1 2 3 4 5 6 7 8 9 10 | 10.5
Bows           | 1 2 3 4 5 6 7 8 9 10 | 10.5
Crossbows      | 1 2 3 4 5 6 7 8 9 10 | 10.5
Throwing       | 1 2 3 4 5 6 7 8 9 10 | 10.5
Stealth        | 1 2 3 4 5 6 7 8 9 10 | 10.5
Shields        | 1 2 3 4 5 6 7 8 9 10 | 10.5
Unarmed Combat | 1 2 3 4 5 6 7 8 9 10 | 10.5
Evocations     | 1 2 3 4 5 6 7 8 9 10 | 10.5
Conjurations   | 1 2 3 4 5 6 7 8 |  8.9
Hexes          | 1 2 3 4 5 6 7 8 |  8.9
Summonings     | 1 2 3 4 5 6 7 8 |  8.9
Necromancy     | 1 2 3 4 5 6 7 8 |  8.9
Translocations | 1 2 3 4 5 6 7 8 |  8.9
Transmutations | 1 2 3 4 5 6 7 8 |  8.9
Fire Magic     | 1 2 3 4 5 6 7 8 |  8.9
Ice Magic      | 1 2 3 4 5 6 7 8 |  8.9
Air Magic      | 1 2 3 4 5 6 7 8 |  8.9
Earth Magic    | 1 2 3 4 5 6 7 8 |  8.9
Poison Magic   | 1 2 3 4 5 6 7 8 |  8.9
Armour         | 3 4 5 6 7 8 9 10 | 10.8
Fighting       | 5 6 7 8 9 10 11 | 11.4
Polearms       | 5 6 7 8 9 10 11 | 11.4
Dodging        | 5 6 7 8 9 10 11 | 11.4
Charms         | 6 7 8 9 10 | 10.4

Action                   |  1- 3 |  4- 6 |  7- 9 | 10-12 | 13-15 | 16-18 || total
-------------------------+-------+-------+-------+-------+-------+-------++-------
Melee: Spear             |    87 |    93 |       |       |       |       ||   180
       Bite              |     3 |    12 |    39 |    71 |   188 |    21 ||   334
       Trident           |       |    51 |   351 |   214 |       |       ||   616
       Punch             |       |       |     8 |    18 |    43 |       ||    69
       Flail             |       |       |       |   256 |   144 |       ||   400
       Double sword      |       |       |       |       |   656 |    86 ||   742
 Fire: Hunting sling     |       |     3 |       |       |       |       ||     3
Throw: Tomahawk          |       |     3 |     5 |    16 |       |       ||    24
       Stone             |       |     1 |       |       |       |       ||     1
       Throwing net      |       |       |       |     1 |       |       ||     1
       Javelin           |       |       |       |     5 |    84 |    14 ||   103
 Cast: Infusion          |     5 |       |     1 |       |     1 |       ||     7
       Spectral Weapon   |     3 |    15 |    39 |    55 |   107 |    13 ||   232
       Regeneration      |       |     2 |     9 |    19 |    26 |     4 ||    60
       Song of Slaying   |       |       |       |     1 |     6 |     3 ||    10
       Summon Lightning  |       |       |       |       |       |     3 ||     3
Invok: Heroism           |       |       |       |     2 |       |       ||     2
       Finesse           |       |       |       |     2 |       |       ||     2
Evoke: Wand              |       |       |     2 |     8 |     2 |       ||    12
       Lamp of fire      |       |       |       |     1 |     1 |     1 ||     3
       Phial of floods   |       |       |       |     1 |       |       ||     1
  Use: Scroll            |       |     4 |    10 |     7 |    17 |       ||    38
       Potion            |       |       |     1 |     2 |     3 |       ||     6
 Stab: Sleeping          |     2 |     5 |     4 |     1 |       |       ||    12
       Distracted        |       |     1 |       |     4 |     8 |       ||    13
  Eat: Chunk             |     1 |     9 |    17 |    26 |    37 |     3 ||    93
       Ration            |       |       |     1 |       |     1 |       ||     2
Armor: Leather armour    |     8 |    26 |    29 |       |       |       ||    63
       Ring mail         |       |       |    31 |     7 |       |       ||    38
       Scale mail        |       |       |       |    70 |       |       ||    70
       Chain mail        |       |       |       |    93 |   421 |    31 ||   545
Dodge: Dodged            |    39 |    98 |   203 |   333 |   626 |   103 ||  1402
Block: Buckler           |       |       |       |       |   124 |       ||   124
       Shield            |       |       |       |       |       |   149 ||   149
       Reflection        |       |       |       |       |       |     7 ||     7
       Rpst.: Double sword |       |       |       |       |   126 |    30 ||   156
